cohdb
Replays
Latest Replays
All Replays
Popular Replays
Top Player Replays
Match Explorer
How It Works
Community
CoH3 Stats
Reddit
Sign in to upload your games and track your stats! →
Sign in with Steam
Match 41436001
Unlisted
Match 41436001
Overview
Messages
Build Orders
End
Kettenkrad Recon Vehicle
Construct Infanterie Kompanie
Selects Terror Battlegroup
Selects Machine Gun Camouflage
MG 42 Machine Gun Team
Grenadier Squad
Grenadier Squad
Construct Luftwaffe Kompanie
Medical Bunker
221 Scout Car
Luftwaffe Officer Quarters
Jäger Squad
Jäger Squad
Support Elements
Selects Defend the Fatherland
Wirbelwind Flakpanzer
Kettenkrad Recon Vehicle
Side Skirts
Marder III M Tank Destroyer
Kettenkrad Recon Vehicle
Selects King Tiger Heavy Tank
King Tiger Heavy Tank
Pioneer Squad
Selects Contempt for the Weak
Marder III M Tank Destroyer
Marder III M Tank Destroyer
Selects Propaganda Leaflet Drop
Selects V1 Rocket Strike
V1 Rocket Strike
King Tiger Heavy Tank
[CyPu]Lord Chaos
Lieutenant Guy
็็็็็็็็็็
Esxile
0
0
Comments
sign in to comment!
No comments posted yet!